 Dungeon Crawl Stone Soup version 0.22-a0-274-gf8199ec (webtiles) character file.

303 tidbits the Chiller (level 6, -16/44 HPs)
             Began as a Gnoll Ice Elementalist on Mar 14, 2018.
             Was an Initiate of Cheibriados.
             Demolished by Menkaure (22 damage)
             ... on level 4 of the Dungeon.
             The game lasted 00:08:07 (929 turns).

tidbits the Chiller (Gnoll Ice Elementalist)         Turns: 929, Time: 00:08:07

Health: -16/44     AC: 10    Str: 12    XL:     6   Next: 38%
Magic:  9/14       EV: 15    Int: 20    God:    Cheibriados [......]
Gold:   114        SH:  0    Dex: 16    Spells: 8/15 levels left

rFire    x x .     SeeInvis .   a - +2 dagger (drain)
rCold    + + .     Gourm    .   (no shield)
rNeg     . . .     Faith    .   e - +0 robe
rPois    .         Spirit   .   (no helmet)
rElec    .         Reflect  .   (no cloak)
rCorr    .         Harm     .   (no gloves)
MR       .....                  (no boots)
Stlth    +++.......             (no amulet)
HPRegen  0.14/turn              u - ring of ice
MPRegen  0.14/turn              n - ring of ice

@: lethally poisoned (-16 -> -19), icy armour, flying, hasted, quick
A: distributed training, fangs 1, strong nose
a: Bend Time, Renounce Religion


You were on level 4 of the Dungeon.
You worshipped Cheibriados.
Cheibriados was noncommittal.
You were very hungry.

You visited 2 branches of the dungeon, and saw 5 of its levels.

You collected 114 gold pieces.

Inventory:

Hand Weapons
 a - a +2 dagger of draining (weapon)
   (You took it off a goblin on level 1 of the Dungeon)
 d - a +0 mace
 s - a +0 blowgun
Missiles
 l - 8 curare-tipped needles
Armour
 e - a +0 robe (worn)
Jewellery
 j - an uncursed ring of protection from magic
   (You found it on level 1 of the Dungeon)
 n - a ring of ice (right hand)
   (You found it on level 2 of the Dungeon)
 u - a ring of ice (left hand)
   (You found it on level 3 of the Dungeon)
Scrolls
 f - 3 scrolls of amnesia {unknown}
 g - a scroll of fear {unknown}
 h - 2 scrolls of teleportation {unknown}
 i - 3 scrolls of remove curse {unknown}
 k - 3 scrolls of identify {unknown}
 p - a scroll of enchant armour {unknown}
 r - a scroll of fog {unknown}
 t - a scroll of noise {unknown}
Potions
 b - a potion of flight
Comestibles
 c - 8 rations


   Skills:
 + Level 1.9 Fighting
 + Level 1.9 Short Blades
 + Level 1.9 Long Blades
 + Level 1.9 Axes
 + Level 1.9 Maces & Flails
 + Level 1.9 Polearms
 + Level 1.9 Staves
 + Level 1.9 Slings
 + Level 1.9 Bows
 + Level 1.9 Crossbows
 + Level 1.9 Throwing
 + Level 1.9 Armour
 + Level 4.9 Dodging
 + Level 4.5 Stealth
 + Level 1.9 Shields
 + Level 1.9 Unarmed Combat
 + Level 5.3 Spellcasting
 + Level 2.6 Conjurations
 + Level 1.5 Hexes
 + Level 1.5 Charms
 + Level 1.5 Summonings
 + Level 1.5 Necromancy
 + Level 1.5 Translocations
 + Level 1.5 Transmutations
 + Level 1.5 Fire Magic
 + Level 5.6 Ice Magic
 + Level 1.5 Air Magic
 + Level 1.5 Earth Magic
 + Level 1.5 Poison Magic
 + Level 2.1 Invocations
 + Level 1.9 Evocations


You had 8 spell levels left.
You knew the following spells:

 Your Spells              Type           Power        Failure   Level  Hunger
a - Freeze                Ice            ####         1%          1    None
j - Throw Frost           Conj/Ice       #####.       3%          2    None
o - Ozocubu's Armour      Chrm/Ice       #####...     8%          3    ##.....
A - Apportation           Tloc           ##....       6%          1    None


Dungeon Overview and Level Annotations

Branches:
Dungeon (4/15)             Temple (1/1) D:4

Altars:
Cheibriados

Annotations:
D:4 Menkaure


Innate Abilities, Weirdness & Mutations

Your experience applies equally to all skills.
You have very sharp teeth.
Your uncanny sense of smell can sniff out nearby items.


Message History

You impale the hound!!
You kill the hound!
Found a staircase to the Ecumenical Temple.
Found a stone staircase leading down.
There is a staircase to the Ecumenical Temple here.
You climb downwards.
Welcome to the Ecumenical Temple!
There is a staircase back to the Dungeon here.
Unknown command.
You open the door.
Found a snail-covered altar of Cheibriados.
There is an open door here.
There is a snail-covered altar of Cheibriados here.
You kneel at the altar of Cheibriados.
Cheibriados welcomes you!
Cheibriados begins to support your attributes as your movement slows.
You can now bend time to slow others.
There is an open door here.
Your icy armour starts to melt.
Your icy armour evaporates.
There is a staircase back to the Dungeon here.
You climb upwards.
Welcome back to the Dungeon!
There is a staircase to the Ecumenical Temple here.
Unknown command.
Menkaure, Prince of Dust comes into view.
Menkaure shouts!
A worker ant comes into view.
The worker ant moves out of view.
There is a fountain of clear blue water here.
It was a potion of flight.
You feel very buoyant.
You fly up into the air.
It was a potion of heal wounds.
You feel much better.
Casting: Ozocubu's Armour (safe; 8% risk of failure)
Confirm with . or Enter, or press ? or * to list all spells.
You feel a strong surge of power! A film of ice covers your body!
You are feeling very hungry.
Menkaure gestures wildly while chanting.
Menkaure seems to speed up.
The worker ant twitches its antennae in your direction.
Unknown command.
Press: ? - help, v - describe, . - travel
Here: Menkaure (fast)
The floor.
It was a potion of curing.
You feel better. Menkaure closely misses you.
It was a potion of haste.
You feel yourself speed up.
Cheibriados forgives your accidental hurry, just this once.
Menkaure closely misses you.
You hit Menkaure. Your bite misses Menkaure.
Menkaure is lightly damaged.
The worker ant bites you but does no damage.
Menkaure calls on the powers of darkness!
Your body is wracked with pain!
The worker ant convulses!
You hit Menkaure.
Menkaure is lightly damaged.
The worker ant bites you but does no damage.
You hit the worker ant but do no damage.
The worker ant is moderately wounded.
Menkaure closely misses you.
You hit the worker ant but do no damage.
The worker ant is moderately wounded.
The worker ant bites you.
* * * LOW HITPOINT WARNING * * *
You are poisoned.
The worker ant poisons you!
Menkaure calls on the powers of darkness!
Your body is wracked with pain!
* * * LOW HITPOINT WARNING * * *
The worker ant convulses!
Casting: Ozocubu's Armour (safe; 8% risk of failure)
Confirm with . or Enter, or press ? or * to list all spells.
Aiming: Freeze (safe; 1% risk of failure)
Press: ? - help, Shift-Dir - straight line, f - Menkaure
Aim: Menkaure (lightly damaged, fast)
You feel a strong surge of power!
You freeze Menkaure.
Menkaure completely resists.
Menkaure is lightly damaged.
You feel sick. The worker ant completely misses you.
Menkaure barely misses you.
Casting: Freeze (safe; 1% risk of failure)
Confirm with . or Enter, or press ? or * to list all spells.
Aiming: Freeze (safe; 1% risk of failure)
Press: ? - help, Shift-Dir - straight line, f/p - Menkaure
Aim: Menkaure (lightly damaged, fast)
You feel a strong surge of power!
You freeze Menkaure.
Menkaure resists.
Menkaure is moderately damaged.
The worker ant closely misses you.
Casting: Freeze (safe; 1% risk of failure)
Confirm with . or Enter, or press ? or * to list all spells.
Aiming: Freeze (safe; 1% risk of failure)
Press: ? - help, Shift-Dir - straight line, f/p - Menkaure
Aim: Menkaure (moderately damaged, fast)
You feel a strong surge of power!
You freeze Menkaure.
Menkaure resists.
Menkaure is moderately damaged.
Menkaure hits you.
* * * LOW HITPOINT WARNING * * *
You hit the worker ant but do no damage.
The worker ant is heavily wounded.
You feel sick. The worker ant barely misses you. Menkaure hits you!!
Ouch! That really hurt!
You die...

##.##.##.##........
###.........#.....###
#..............####
#.#..⌠...⌠..#..#
##.#.........#..#
........>......## #
.##.........###
....##..⌠...⌠..#
......M@.........#
.....#a........#.#
...> ##.##.##.##.#
... ...##.##.# #
...##.. .# ....# ###
....# ...##


You could see Menkaure and a worker ant.

Vanquished Creatures
  A phantom (D:4)
  2 hounds (D:4)
  4 gnolls (D:2)
  5 adders
  An ooze (D:3)
  2 worms
  3 dart slugs
  3 leopard geckos
  2 orcs (D:3)
  4 giant cockroaches
  5 hobgoblins
  3 jackals (D:3)
  5 bats
  3 frilled lizards
  5 goblins
  7 kobolds
  6 rats
61 creatures vanquished.

Notes
Turn   | Place    | Note
-------+----------+-------------------------------------------
     0 | D:1      | tidbits the Gnoll Ice Elementalist began the quest for the Orb.
     0 | D:1      | Reached XP level 1. HP: 13/13 MP: 6/6
    49 | D:2      | Reached skill level 2 in Conjurations
    49 | D:2      | Reached XP level 2. HP: 20/20 MP: 4/7
    53 | D:2      | Learned a level 2 spell: Throw Frost
   138 | D:1      | Reached XP level 3. HP: 14/25 MP: 7/9
   143 | D:1      | Learned a level 3 spell: Ozocubu's Armour
   150 | D:1      | Reached skill level 5 in Spellcasting
   298 | D:2      | Reached skill level 1 in Invocations
   324 | D:2      | Reached skill level 1 in Fighting
   324 | D:2      | Reached skill level 1 in Short Blades
   324 | D:2      | Reached skill level 1 in Long Blades
   324 | D:2      | Reached skill level 1 in Axes
   324 | D:2      | Reached skill level 1 in Maces & Flails
   324 | D:2      | Reached skill level 1 in Polearms
   324 | D:2      | Reached skill level 1 in Staves
   324 | D:2      | Reached skill level 1 in Slings
   324 | D:2      | Reached skill level 1 in Bows
   324 | D:2      | Reached skill level 1 in Crossbows
   324 | D:2      | Reached skill level 1 in Throwing
   324 | D:2      | Reached skill level 1 in Armour
   324 | D:2      | Reached skill level 1 in Shields
   324 | D:2      | Reached skill level 1 in Unarmed Combat
   324 | D:2      | Reached skill level 1 in Evocations
   353 | D:2      | Reached XP level 4. HP: 32/32 MP: 1/11
   453 | D:2      | Reached skill level 1 in Hexes
   453 | D:2      | Reached skill level 1 in Charms
   453 | D:2      | Reached skill level 1 in Summonings
   453 | D:2      | Reached skill level 1 in Necromancy
   453 | D:2      | Reached skill level 1 in Translocations
   453 | D:2      | Reached skill level 1 in Transmutations
   453 | D:2      | Reached skill level 1 in Fire Magic
   453 | D:2      | Reached skill level 1 in Air Magic
   453 | D:2      | Reached skill level 1 in Earth Magic
   453 | D:2      | Reached skill level 1 in Poison Magic
   590 | D:3      | Reached XP level 5. HP: 31/37 MP: 4/12
   602 | D:3      | Learned a level 1 spell: Apportation
   696 | D:4      | Noticed a phantom
   840 | D:4      | Killed a phantom
   840 | D:4      | Reached skill level 2 in Invocations
   840 | D:4      | Reached XP level 6. HP: 10/44 MP: 10/13
   880 | D:4      | Found a staircase to the Ecumenical Temple.
   889 | Temple   | Entered the Ecumenical Temple
   901 | Temple   | Became a worshipper of Cheibriados the Contemplative
   914 | D:4      | Noticed Menkaure
   929 | D:4      | Demolished by Menkaure

Vault maps used:
D:1:      dpeg_arrival_tiny_b
D:2:      roderic_nine_men_s_morris
D:3:      kennysheep_generic_room_14
D:4:      minmay_temple_entry_large_hall, uniq_menkaure, uniq_duvessa
Temple:   minmay_temple_curvy_loop

Skill      XL: |  1  2  3  4  5 |
---------------+----------------+-----
Conjurations   | 2 |  2.6
Spellcasting   | 5 |  5.3
Invocations    | 1 2 |  2.1
Fighting       | 1 |  1.9
Short Blades   | 1 |  1.9
Long Blades    | 1 |  1.9
Axes           | 1 |  1.9
Maces & Flails | 1 |  1.9
Polearms       | 1 |  1.9
Staves         | 1 |  1.9
Slings         | 1 |  1.9
Bows           | 1 |  1.9
Crossbows      | 1 |  1.9
Throwing       | 1 |  1.9
Armour         | 1 |  1.9
Shields        | 1 |  1.9
Unarmed Combat | 1 |  1.9
Evocations     | 1 |  1.9
Hexes          | 1 |  1.5
Charms         | 1 |  1.5
Summonings     | 1 |  1.5
Necromancy     | 1 |  1.5
Translocations | 1 |  1.5
Transmutations | 1 |  1.5
Fire Magic     | 1 |  1.5
Air Magic      | 1 |  1.5
Earth Magic    | 1 |  1.5
Poison Magic   | 1 |  1.5
Dodging        | |  4.9
Stealth        | |  4.5
Ice Magic      | |  5.6

Action                   |  1- 3 |  4- 6 || total
-------------------------+-------+-------++-------
Melee: Dagger            |    24 |   103 ||   127
       Bite              |       |     8 ||     8
 Cast: Freeze            |    18 |    31 ||    49
       Throw Frost       |     1 |       ||     1
       Ozocubu's Armour  |     3 |    10 ||    13
       Apportation       |       |     2 ||     2
  Use: Potion            |       |     4 ||     4
 Stab: Sleeping          |     6 |     6 ||    12
Armor: Robe              |     5 |    24 ||    29
Dodge: Dodged            |    18 |    76 ||    94

Table legend:
 A = Spawn XP
 B = Non-spawn XP
 C = Spawn XP percentage of total XP
 D = Spawn monster count
 E = Non-spawn monster count
 F = Spawn count percentage of total count
 G = Total turns spent on level
                    A         B        C        D         E        F      G
               +---------+---------+-------+---------+---------+-------+---------
         Total |       0 |     433 |   0.0 |       0 |      61 |   0.0 |   929
               +---------+---------+-------+---------+---------+-------+---------
           D:1 |       0 |      27 |   0.0 |       0 |      15 |   0.0 |   218
           D:2 |       0 |     122 |   0.0 |       0 |      22 |   0.0 |   348
           D:3 |       0 |      71 |   0.0 |       0 |      20 |   0.0 |   215
           D:4 |       0 |     213 |   0.0 |       0 |       4 |   0.0 |   124
               +---------+---------+-------+---------+---------+-------+---------

Table legend:
 A = Turns spent in this place as a percentage of turns spent in the entire game.
 B = Non-inter-level travel turns spent in this place as a percentage of non-inter-level travel turns spent in the entire game.
 C = Inter-level travel turns spent in this place as a percentage of turns spent in this place.
 D = Turns resting spent in this place as a percentage of non-inter-level travel turns spent in this place.
 E = Turns spent auto-exploring this place as a percentage of non-inter-level travel turns spent in this place.
 F = Non-inter-level travel turns spent in this place divided by the number of levels of this place that you've seen.
                   A       B       C       D       E      F
               +-------+-------+-------+-------+-------+----------------------
         Total | 100.0 | 100.0 |   1.1 |   0.0 |   0.0 | 183.8
       Dungeon |  97.4 |  98.5 |   0.0 |   0.0 |   0.0 | 226.2
        Temple |   2.6 |   1.5 |  41.7 |   0.0 |   0.0 |  14.0
               +-------+-------+-------+-------+-------+----------------------

Table legend:
 A = Kills in this place as a percentage of kills in entire the game.
 B = Kills by you in this place as a percentage of kills by you in the entire game.
 C = Kills by friends in this place as a percentage of kills by friends in the entire game.
 D = Other kills in this place as a percentage of other kills in the entire game.
 E = Experience gained in this place as a percentage of experience gained in the entire game.
 F = Experience gained in this place divided by the number of levels of this place that you have seen.
                   A       B       C       D       E      F
               +-------+-------+-------+-------+-------+----------------------
         Total | 100.0 | 100.0 |   N/A |   N/A | 100.0 |  86.6
       Dungeon | 100.0 | 100.0 |   N/A |   N/A | 100.0 | 108.2
               +-------+-------+-------+-------+-------+----------------------

Vault maps used:
D:1:      dpeg_arrival_tiny_b
D:2:      roderic_nine_men_s_morris
D:3:      kennysheep_generic_room_14
D:4:      minmay_temple_entry_large_hall, uniq_menkaure, uniq_duvessa
Temple:   minmay_temple_curvy_loop
